Red Wings vs Flyers
Created - November 6, 2017 at 19:17
Goals
|
| Red Wings |
1 |
0 |
1 |
2 |
| Flyers |
3 |
0 |
3 |
6 |
|
Shots
|
| Red Wings |
11 |
14 |
7 |
32 |
| Flyers |
17 |
5 |
13 |
35 |
|
1st period
1. Red Wings , Tyler Johnson 4 (Filip Kuba 4, Sean Bergenheim 5) at 4:16
2. Flyers , Dany Heatley 5 (Jeff Carter 8, Cory Schneider) at 6:35 (SH)
3. Flyers , Jeff Carter 11 (Stephane Robidas 3, Dany Heatley 4) at 10:01
4. Flyers , Rostislav Olesz 4 (Stephane Robidas 4, Wayne Simmonds 1) at 16:35
Penalties :
Wayne Simmonds (Phi) for Hooking (Minor) at 5:24
2nd period
No Goal
Penalties :
Kyle Wellwood (Phi) for Kneeing (Minor) at 11:17, Dany Heatley (Phi) for High sticking (Minor) at 15:56
3rd period
5. Flyers , Jeff Carter 12 (Jakub Voracek 12, Jeff Woywitka 4) at 0:10
6. Flyers , Jakub Voracek 5 (Jeff Carter 9) at 11:02 (PP)
7. Flyers , Kyle Wellwood 3 (Alexei Morozov 7, Chris Kreider 4) at 13:16
8. Red Wings , Rick Nash 8 (Mike Richards 8) at 19:57 (PP)
Penalties :
Jeff Carter (Phi) for Hooking (Minor) at 6:39, Philip Samuelsson (Det) for Roughing (Minor) at 10:55, Nathan Paetsch (Phi) for Slashing (Minor) at 19:47
Goalie Stats
Michal Neuvirth (Det), 29 saves from 35 shots - (0.829), L, 7-2-1, 60:00 minutes
Cory Schneider (Phi), 30 saves from 32 shots - (0.938), W, 3-3-2, 60:00 minutes
Players Stats for Red Wings
Player Name G A P +/- PIM S H SB GA TA FO MP PP MP PK MP
------------------------------------------------------------------------------------
Adam Henrique 0 0 0 -4 0 3 1 0 1 0 1/1 20:26 3:14 0:00
Ales Hemsky 0 0 0 0 0 2 0 0 2 0 0/0 8:22 0:00 0:00
Alex Picard 0 0 0 0 0 0 0 0 0 0 0/1 12:20 0:00 0:00
Brent Seabrook 0 0 0 -1 0 3 1 2 0 1 0/0 22:43 4:32 0:00
Chris Kelly 0 0 0 0 0 1 0 1 1 0 4/6 11:55 0:00 0:00
Filip Kuba 0 1 1 -1 0 0 3 1 0 1 0/0 19:13 0:17 0:07
Jiri Fischer 0 0 0 0 0 0 0 0 0 0 0/0 2:01 0:00 0:00
Karl Alzner 0 0 0 -3 0 1 1 1 0 0 0/0 22:51 3:51 0:00
Mike Richards 0 1 1 -3 0 2 1 0 1 1 16/30 22:15 4:52 0:00
Nate Thompson 0 0 0 0 0 1 1 0 0 1 1/2 8:16 0:00 0:00
Nino Niederreiter 0 0 0 0 0 0 1 0 1 0 0/0 12:02 0:00 0:07
Oleg Saprykin 0 0 0 0 0 3 0 0 0 0 0/0 8:16 0:00 0:00
Ole-Kristian Tollefsen 0 0 0 -2 0 0 8 2 0 0 0/0 27:42 4:15 0:07
Phil Kessel 0 0 0 -1 0 4 1 1 0 2 1/2 17:27 3:14 0:00
Philip Samuelsson 0 0 0 -1 2 0 1 1 0 0 0/0 24:58 3:17 0:00
Rick Nash 1 0 1 -3 0 7 2 0 0 0 3/10 22:15 4:52 0:00
Sean Bergenheim 0 1 1 0 0 2 2 1 3 0 0/0 19:16 4:52 0:00
Tyler Johnson 1 0 1 -1 0 3 2 1 0 0 6/15 17:34 3:14 0:07
Players Stats for Flyers
Player Name G A P +/- PIM S H SB GA TA FO MP PP MP PK MP
------------------------------------------------------------------------------------
Alex Killorn 0 0 0 0 0 0 3 0 0 0 0/0 4:54 0:00 0:00
Alexei Morozov 0 1 1 1 0 3 1 0 1 0 0/0 17:37 0:00 0:12
Cam Fowler 0 0 0 0 0 0 0 0 0 1 0/0 15:05 0:00 0:00
Chris Kreider 0 1 1 2 0 6 1 0 0 0 0/0 20:35 0:00 3:00
Dany Heatley 1 1 2 2 2 2 2 2 1 0 0/0 20:06 0:07 3:58
Jakub Voracek 1 1 2 2 0 4 1 0 0 1 1/2 15:50 0:07 0:00
Jeff Carter 2 2 4 2 2 3 3 0 1 1 16/33 23:31 0:07 3:31
Jeff Woywitka 0 1 1 0 0 1 1 3 0 2 0/0 26:59 0:07 4:46
Jonathan Ericsson 0 0 0 0 0 1 1 1 0 0 0/0 24:11 0:07 4:46
Kyle Wellwood 1 0 1 2 2 5 3 1 0 0 10/18 20:21 0:00 2:18
Matt Smaby 0 0 0 4 0 2 0 2 0 1 0/0 18:14 0:00 3:20
Matthew Lombardi 0 0 0 0 0 3 0 0 2 0 8/13 16:03 0:00 2:47
Nathan Paetsch 0 0 0 0 2 0 1 1 0 1 0/0 15:04 0:00 0:00
Rostislav Olesz 1 0 1 0 0 3 1 1 0 0 0/0 14:07 0:00 0:26
Stefan Ruzicka 0 0 0 0 0 0 0 0 1 0 0/0 4:54 0:00 0:00
Stephane Robidas 0 2 2 4 0 1 0 5 0 1 0/0 18:14 0:00 3:20
Victor Bartley 0 0 0 0 0 0 0 0 0 0 0/0 2:30 0:00 0:00
Wayne Simmonds 0 1 1 0 2 1 1 0 0 1 0/1 13:34 0:00 0:00
3 Stars
1 - Jeff Carter (Phi)
2 - Stephane Robidas (Phi)
3 - Jakub Voracek (Phi)
Power Play
Red Wings - 1 on 5 Attempt(s) - 20.00%
Flyers - 1 on 1 Attempt(s) - 100.00%
Penalty Kill
Red Wings - 0 on 1 Attempt(s) - 0.00%
- Score 0 goal in Penalty Kill
Flyers - 4 on 5 Attempt(s) - 80.00%
- Score 1 goal in Penalty Kill
Team Stat
Red Wings - Hits : 25 - Faceoff Wins : 32 - Blocked Shots : 11 - Penalty Minutes : 2
Flyers - Hits : 19 - Faceoff Wins : 35 - Blocked Shots : 16 - Penalty Minutes : 10
Official
Referees : Meier Brad and Lee Chris
Linesman : Steve Miller and Mark Shewchyk
Game Notes
Jiri Fischer is injured at 4:06 of 1st period (Strained Left Knee)
Finance
Level 1 -- Attendance: 6000 (100.00%) -- Ticket Income $540,000
Level 2 -- Attendance: 4934 (98.68%) -- Ticket Income $271,370
Level 3 -- Attendance: 1868 (93.40%) -- Ticket Income $65,380
Level 4 -- Attendance: 3915 (97.88%) -- Ticket Income $97,875
Luxury Box -- Attendance: 739 (73.90%) -- Ticket Income $121,935
Game was played at the Wells Fargo Center.
Total Attendance: 17456 (96.98%)
Total Ticket Income: $1,096,560
Other Income: $164,484
Total Income: $1,261,044
Red Wings
5 vs 5 Forward
Center Left Wing Right Wing Time % Phy DF OF
1 Mike Richards Adam Henrique Rick Nash 40 0 2 3
2 Tyler Johnson Sean Bergenheim Phil Kessel 33 0 2 3
3 Chris Kelly Alex Picard Nino Niederreiter 20 0 3 2
4 Nate Thompson Oleg Saprykin Ales Hemsky 7 1 2 2
5 vs 5 Defense
Defense Defense Time % Phy DF OF
1 Brent Seabrook Jiri Fischer 35 0 3 2
2 Karl Alzner Ole-Kristian Tollefsen 35 0 3 2
3 Filip Kuba Philip Samuelsson 20 1 3 1
4 Filip Kuba Philip Samuelsson 10 1 3 1
PowerPlay Forward
Center Left Wing Right Wing Time % Phy DF OF
1 Rick Nash Sean Bergenheim Mike Richards 60 0 1 4
2 Tyler Johnson Adam Henrique Phil Kessel 40 0 1 4
PowerPlay Defense
Defense Defense Time % Phy DF OF
1 Ole-Kristian Tollefsen Brent Seabrook 60 0 2 3
2 Jiri Fischer Karl Alzner 40 0 2 3
Penalty Kill 4 Players Forward
Center Wing Time % Phy DF OF
1 Tyler Johnson Nino Niederreiter 50 1 2 2
2 Oleg Saprykin Sean Bergenheim 50 1 2 2
Penalty Kill 4 Players Defense
Defense Defense Time % Phy DF OF
1 Brent Seabrook Jiri Fischer 50 1 2 2
2 Filip Kuba Ole-Kristian Tollefsen 50 1 2 2
Penalty Kill - 3 Players Forward
Forward Time % Phy DF OF
1 Sean Bergenheim 60 1 2 2
2 Oleg Saprykin 40 1 2 2
Penalty Kill - 3 Players Defense
Defense Defense Time % Phy DF OF
1 Jiri Fischer Brent Seabrook 50 1 2 2
2 Filip Kuba Ole-Kristian Tollefsen 50 1 2 2
4 vs 4 Forward
Center Wing Time % Phy DF OF
1 Mike Richards Rick Nash 60 1 2 2
2 Tyler Johnson Phil Kessel 40 1 2 2
4 vs 4 Defense
Defense Defense Time % Phy DF OF
1 Brent Seabrook Karl Alzner 60 1 2 2
2 Ole-Kristian Tollefsen Philip Samuelsson 40 1 2 2
Last Minutes Offensive
Center Left Wing Right Wing Defense Defense
Mike Richards Rick Nash Phil Kessel Brent Seabrook Ole-Kristian Tollefsen
Last Minutes Defensive
Center Left Wing Right Wing Defense Defense
Tyler Johnson Sean Bergenheim Rick Nash Jiri Fischer Filip Kuba
Goaltenders
Starting : Michal Neuvirth
Backup : Ilya Bryzgalov
Extra Forwards
Normal : Rick Nash, Tyler Johnson, Nino Niederreiter - PP : Nino Niederreiter, Chris Kelly - PK : Rick Nash
Extra Defensemen
Normal : Brent Seabrook, Ole-Kristian Tollefsen, Philip Samuelsson - PP : Philip Samuelsson - PK : Philip Samuelsson, Karl Alzner
Penalty Shots
Rick Nash, Mike Richards, Phil Kessel, Brent Seabrook, Sean Bergenheim
Scratches
Brendan Bell (Healthy), Jiri Fischer (Strained Left Knee Injury)
Flyers
5 vs 5 Forward
Center Left Wing Right Wing Time % Phy DF OF
1 Jeff Carter Dany Heatley Jakub Voracek 40 1 2 2
2 Kyle Wellwood Chris Kreider Alexei Morozov 30 1 2 2
3 Matthew Lombardi Rostislav Olesz Wayne Simmonds 20 1 2 2
4 Jeff Carter Alex Killorn Stefan Ruzicka 10 1 2 2
5 vs 5 Defense
Defense Defense Time % Phy DF OF
1 Jeff Woywitka Jonathan Ericsson 40 1 2 2
2 Matt Smaby Stephane Robidas 30 1 2 2
3 Nathan Paetsch Cam Fowler 20 1 2 2
4 Victor Bartley Jeff Woywitka 10 1 2 2
PowerPlay Forward
Center Left Wing Right Wing Time % Phy DF OF
1 Jeff Carter Dany Heatley Jakub Voracek 60 1 2 2
2 Kyle Wellwood Chris Kreider Alexei Morozov 40 1 2 2
PowerPlay Defense
Defense Defense Time % Phy DF OF
1 Jeff Woywitka Jonathan Ericsson 60 1 2 2
2 Matt Smaby Stephane Robidas 40 1 2 2
Penalty Kill 4 Players Forward
Center Wing Time % Phy DF OF
1 Jeff Carter Dany Heatley 60 1 2 2
2 Chris Kreider Kyle Wellwood 40 1 2 2
Penalty Kill 4 Players Defense
Defense Defense Time % Phy DF OF
1 Jeff Woywitka Jonathan Ericsson 60 1 2 2
2 Matt Smaby Stephane Robidas 40 1 2 2
Penalty Kill - 3 Players Forward
Forward Time % Phy DF OF
1 Jeff Carter 60 1 2 2
2 Dany Heatley 40 1 2 2
Penalty Kill - 3 Players Defense
Defense Defense Time % Phy DF OF
1 Jeff Woywitka Jonathan Ericsson 60 1 2 2
2 Matt Smaby Stephane Robidas 40 1 2 2
4 vs 4 Forward
Center Wing Time % Phy DF OF
1 Jeff Carter Dany Heatley 60 1 2 2
2 Chris Kreider Kyle Wellwood 40 1 2 2
4 vs 4 Defense
Defense Defense Time % Phy DF OF
1 Jeff Woywitka Jonathan Ericsson 60 1 2 2
2 Matt Smaby Stephane Robidas 40 1 2 2
Last Minutes Offensive
Center Left Wing Right Wing Defense Defense
Jeff Carter Dany Heatley Jakub Voracek Jeff Woywitka Jonathan Ericsson
Last Minutes Defensive
Center Left Wing Right Wing Defense Defense
Jeff Carter Dany Heatley Jakub Voracek Jeff Woywitka Jonathan Ericsson
Goaltenders
Starting : Cory Schneider
Backup : Steve Mason
Extra Forwards
Normal : Rostislav Olesz, Wayne Simmonds, Matthew Lombardi - PP : Rostislav Olesz, Wayne Simmonds - PK : Matthew Lombardi
Extra Defensemen
Normal : Nathan Paetsch, Cam Fowler, Victor Bartley - PP : Nathan Paetsch - PK : Cam Fowler, Victor Bartley
Penalty Shots
Jeff Carter, Dany Heatley, Chris Kreider, Kyle Wellwood, Jakub Voracek
Scratches
Jean-Gabriel Pageau (Healthy), Marcus Kruger (Left Eye Injury)
% Time on Ice - Red Wings
Lines # - Real PCT - Wanted PCT - Time Play
Normal Forward
1 - 34% - 40% - 17:23
2 - 27% - 33% - 14:13
3 - 23% - 20% - 11:55
4 - 16% - 7% - 8:16
Normal Defense
1 - 39% - 35% - 20:17
2 - 34% - 35% - 17:50
3 - 19% - 20% - 10:01
4 - 7% - 10% - 3:39
PP Forward
1 - 60% - 60% - 4:52
2 - 40% - 40% - 3:14
PP Defense
1 - 52% - 60% - 4:15
2 - 48% - 40% - 3:51
PK Forward
1 - 100% - 50% - 0:07
2 - 0% - 50% - 0:00
PK Defense
1 - 0% - 50% - 0:00
2 - 100% - 50% - 0:07
PK3 Forward
1 - 0% - 60%
2 - 0% - 40%
PK3 Defense
1 - 0% - 50%
2 - 0% - 50%
44 Forward
1 - 0% - 60%
2 - 0% - 40%
44 Defense
1 - 0% - 60%
2 - 0% - 40%
Last Minute Offensive - 0:00
Last Minute Defensive - 0:00
Total
Forward - 60:00
Defense - 60:00
|
% Time on Ice - Flyers
Lines # - Real PCT - Wanted PCT - Time Play
Normal Forward
1 - 31% - 40% - 16:12
2 - 34% - 30% - 17:25
3 - 26% - 20% - 13:16
4 - 9% - 10% - 4:54
Normal Defense
1 - 37% - 40% - 19:18
2 - 29% - 30% - 14:54
3 - 29% - 20% - 15:05
4 - 5% - 10% - 2:30
PP Forward
1 - 100% - 60% - 0:07
2 - 0% - 40% - 0:00
PP Defense
1 - 100% - 60% - 0:07
2 - 0% - 40% - 0:00
PK Forward
1 - 85% - 60% - 6:53
2 - 15% - 40% - 1:13
PK Defense
1 - 59% - 60% - 4:46
2 - 41% - 40% - 3:20
PK3 Forward
1 - 0% - 60%
2 - 0% - 40%
PK3 Defense
1 - 0% - 60%
2 - 0% - 40%
44 Forward
1 - 0% - 60%
2 - 0% - 40%
44 Defense
1 - 0% - 60%
2 - 0% - 40%
Last Minute Offensive - 0:00
Last Minute Defensive - 0:00
Total
Forward - 60:00
Defense - 60:00
|
Play by Play
1st period
0:01 of 1st period - Mike Richards wins face-off versus Jeff Carter in neutral zone.
0:08 of 1st period - Wrist shot by Jakub Voracek.
0:08 of 1st period - Stopped by Michal Neuvirth without a rebound.
0:09 of 1st period - Mike Richards wins face-off versus Jeff Carter in Red Wings zone.
0:16 of 1st period - Rick Nash is hit by Dany Heatley and loses puck.
0:23 of 1st period - Snap shot by Jeff Carter.
0:23 of 1st period - Shot Hit the Post.
0:25 of 1st period - Slapshot by Jonathan Ericsson.
0:25 of 1st period - Deflect By Dany Heatley.
0:25 of 1st period - Stopped by Michal Neuvirth with a rebound.
1:15 of 1st period - Snap shot by Rick Nash.
1:15 of 1st period - Stopped by Cory Schneider without a rebound.
1:16 of 1st period - Kyle Wellwood wins face-off versus Tyler Johnson in Flyers zone.
2:15 of 1st period - Slapshot by Nathan Paetsch.
2:15 of 1st period - Deflect By Alexei Morozov.
2:15 of 1st period - Shot Misses the Net.
2:15 of 1st period - Puck is out of play.
2:16 of 1st period - Matthew Lombardi wins face-off versus Chris Kelly in Red Wings zone.
2:17 of 1st period - Slapshot by Rostislav Olesz.
2:17 of 1st period - Stopped by Michal Neuvirth with a rebound.
3:19 of 1st period - Jeff Woywitka is hit by Ole-Kristian Tollefsen and loses puck.
4:05 of 1st period - Jiri Fischer is hit by Alex Killorn and loses puck.
4:06 of 1st period - Jiri Fischer from Red Wings is injured at 4:06 of 1st period (Strained Left Knee).
4:07 of 1st period - Tyler Johnson wins face-off versus Wayne Simmonds in Red Wings zone.
4:12 of 1st period - Slapshot by Sean Bergenheim.
4:12 of 1st period - Shot Misses the Net.
4:14 of 1st period - Slapshot by Filip Kuba.
4:14 of 1st period - Shot Blocked by Rostislav Olesz.
4:16 of 1st period - Wrist shot by Tyler Johnson.
4:16 of 1st period - Goal by Tyler Johnson - Red Wings : 1 - Flyers : 0.
4:17 of 1st period - Tyler Johnson wins face-off versus Kyle Wellwood in neutral zone.
4:30 of 1st period - Slapshot by Alexei Morozov.
4:30 of 1st period - Shot Misses the Net.
5:12 of 1st period - Wrist shot by Adam Henrique.
5:12 of 1st period - Shot Blocked by Stephane Robidas.
5:24 of 1st period - Minor Penalty to Wayne Simmonds for Hooking.
5:25 of 1st period - Jeff Carter wins face-off versus Rick Nash in Flyers zone.
6:01 of 1st period - Wrist shot by Kyle Wellwood.
6:01 of 1st period - Shot Blocked by Tyler Johnson.
6:03 of 1st period - Slapshot by Jonathan Ericsson.
6:03 of 1st period - Stopped by Michal Neuvirth with a rebound.
6:05 of 1st period - Slapshot by Stephane Robidas.
6:05 of 1st period - Stopped by Michal Neuvirth without a rebound.
6:06 of 1st period - Rick Nash wins face-off versus Jeff Carter in Red Wings zone.
6:35 of 1st period - Snap shot by Dany Heatley.
6:35 of 1st period - Goal by Dany Heatley - Red Wings : 1 - Flyers : 1.
6:36 of 1st period - Jeff Carter wins face-off versus Mike Richards in neutral zone.
6:39 of 1st period - Wrist shot by Dany Heatley.
6:39 of 1st period - Shot Misses the Net.
7:24 of 1st period - Penalty to Wayne Simmonds is over, Wayne Simmonds is back on ice.
7:27 of 1st period - Stephane Robidas is hit by Rick Nash and loses puck.
7:42 of 1st period - Wrist shot by Jeff Carter.
7:42 of 1st period - Stopped by Michal Neuvirth without a rebound.
7:43 of 1st period - Chris Kelly wins face-off versus Kyle Wellwood in Red Wings zone.
7:50 of 1st period - Cam Fowler is hit by Nino Niederreiter and loses puck.
8:09 of 1st period - Rostislav Olesz is hit by Sean Bergenheim and loses puck.
8:13 of 1st period - Icing by Cam Fowler.
8:14 of 1st period - Matthew Lombardi wins face-off versus Tyler Johnson in Flyers zone.
8:27 of 1st period - Snap shot by Wayne Simmonds.
8:27 of 1st period - Shot Blocked by Phil Kessel.
8:35 of 1st period - Jeff Woywitka is hit by Ole-Kristian Tollefsen and loses puck.
8:42 of 1st period - Snap shot by Tyler Johnson.
8:42 of 1st period - Stopped by Cory Schneider with a rebound.
9:06 of 1st period - Wrist shot by Tyler Johnson.
9:06 of 1st period - Shot Misses the Net.
9:08 of 1st period - Snap shot by Tyler Johnson.
9:08 of 1st period - Shot Misses the Net.
9:20 of 1st period - Snap shot by Phil Kessel.
9:20 of 1st period - Stopped by Cory Schneider with a rebound.
9:22 of 1st period - Wrist shot by Phil Kessel.
9:22 of 1st period - Stopped by Cory Schneider with a rebound.
9:24 of 1st period - Wrist shot by Tyler Johnson.
9:24 of 1st period - Stopped by Cory Schneider without a rebound.
9:25 of 1st period - Adam Henrique wins face-off versus Jeff Carter in Flyers zone.
9:33 of 1st period - Icing by Stephane Robidas.
9:34 of 1st period - Jeff Carter wins face-off versus Mike Richards in Flyers zone.
9:53 of 1st period - Slapshot by Jakub Voracek.
9:53 of 1st period - Shot Misses the Net.
9:57 of 1st period - Snap shot by Jeff Carter.
9:57 of 1st period - Shot Misses the Net.
9:59 of 1st period - Wrist shot by Stephane Robidas.
9:59 of 1st period - Shot Blocked by Brent Seabrook.
10:01 of 1st period - Snap shot by Jeff Carter.
10:01 of 1st period - Goal by Jeff Carter - Red Wings : 1 - Flyers : 2.
10:02 of 1st period - Mike Richards wins face-off versus Kyle Wellwood in neutral zone.
10:13 of 1st period - Snap shot by Mike Richards.
10:13 of 1st period - Stopped by Cory Schneider with a rebound.
10:15 of 1st period - Slapshot by Ole-Kristian Tollefsen.
10:15 of 1st period - Deflect By Rick Nash.
10:15 of 1st period - Stopped by Cory Schneider with a rebound.
10:17 of 1st period - Slapshot by Karl Alzner.
10:17 of 1st period - Shot Blocked by Jeff Woywitka.
10:19 of 1st period - Slapshot by Ole-Kristian Tollefsen.
10:19 of 1st period - Shot Misses the Net.
10:29 of 1st period - Dany Heatley is hit by Karl Alzner and loses puck.
11:33 of 1st period - Filip Kuba is hit by Alex Killorn and loses puck.
12:08 of 1st period - Snap shot by Chris Kelly.
12:08 of 1st period - Shot Misses the Net.
12:13 of 1st period - Off-side.
12:14 of 1st period - Matthew Lombardi wins face-off versus Mike Richards in neutral zone.
12:21 of 1st period - Snap shot by Wayne Simmonds.
12:21 of 1st period - Shot Misses the Net.
12:23 of 1st period - Slapshot by Jeff Woywitka.
12:23 of 1st period - Shot Blocked by Karl Alzner.
13:34 of 1st period - Snap shot by Kyle Wellwood.
13:34 of 1st period - Stopped by Michal Neuvirth without a rebound.
13:35 of 1st period - Kyle Wellwood wins face-off versus Mike Richards in Red Wings zone.
13:42 of 1st period - Wrist shot by Alexei Morozov.
13:42 of 1st period - Stopped by Michal Neuvirth without a rebound.
13:43 of 1st period - Mike Richards wins face-off versus Jeff Carter in Red Wings zone.
14:10 of 1st period - Tyler Johnson is hit by Chris Kreider and loses puck.
14:38 of 1st period - Brent Seabrook is hit by Kyle Wellwood and loses puck.
14:53 of 1st period - Snap shot by Chris Kreider.
14:53 of 1st period - Stopped by Michal Neuvirth with a rebound.
15:14 of 1st period - Snap shot by Brent Seabrook.
15:14 of 1st period - Stopped by Cory Schneider with a rebound.
15:29 of 1st period - Snap shot by Alexei Morozov.
15:29 of 1st period - Stopped by Michal Neuvirth with a rebound.
15:31 of 1st period - Snap shot by Kyle Wellwood.
15:31 of 1st period - Stopped by Michal Neuvirth without a rebound.
15:32 of 1st period - Mike Richards wins face-off versus Jeff Carter in Red Wings zone.
16:35 of 1st period - Slapshot by Rostislav Olesz.
16:35 of 1st period - Goal by Rostislav Olesz - Red Wings : 1 - Flyers : 3.
16:36 of 1st period - Tyler Johnson wins face-off versus Jeff Carter in neutral zone.
16:41 of 1st period - Slapshot by Phil Kessel.
16:41 of 1st period - Shot Misses the Net.
17:03 of 1st period - Matt Smaby is hit by Ole-Kristian Tollefsen and loses puck.
17:08 of 1st period - Slapshot by Oleg Saprykin.
17:08 of 1st period - Stopped by Cory Schneider with a rebound.
17:10 of 1st period - Slapshot by Nate Thompson.
17:10 of 1st period - Deflect By Oleg Saprykin.
17:10 of 1st period - Stopped by Cory Schneider with a rebound.
17:12 of 1st period - Snap shot by Nate Thompson.
17:12 of 1st period - Shot Misses the Net.
17:14 of 1st period - Slapshot by Philip Samuelsson.
17:14 of 1st period - Shot Blocked by Stephane Robidas.
17:16 of 1st period - Slapshot by Oleg Saprykin.
17:16 of 1st period - Shot Blocked by Matt Smaby.
17:28 of 1st period - Snap shot by Chris Kreider.
17:28 of 1st period - Shot Blocked by Filip Kuba.
17:53 of 1st period - Slapshot by Wayne Simmonds.
17:53 of 1st period - Stopped by Michal Neuvirth with a rebound.
17:55 of 1st period - Wrist shot by Wayne Simmonds.
17:55 of 1st period - Shot Misses the Net.
18:35 of 1st period - Snap shot by Oleg Saprykin.
18:35 of 1st period - Shot Misses the Net.
18:37 of 1st period - Slapshot by Nate Thompson.
18:37 of 1st period - Deflect By Rostislav Olesz.
18:37 of 1st period - Shot Hit the Post.
18:37 of 1st period - Puck is out of play.
18:38 of 1st period - Kyle Wellwood wins face-off versus Tyler Johnson in Flyers zone.
19:35 of 1st period - Wrist shot by Alexei Morozov.
19:35 of 1st period - Shot Blocked by Brent Seabrook.
19:37 of 1st period - Snap shot by Kyle Wellwood.
19:37 of 1st period - Stopped by Michal Neuvirth with a rebound.
19:57 of 1st period - Wrist shot by Kyle Wellwood.
19:57 of 1st period - Shot Misses the Net.
19:59 of 1st period - Snap shot by Alexei Morozov.
19:59 of 1st period - Deflect By Chris Kreider.
19:59 of 1st period - Stopped by Michal Neuvirth with a rebound.
Goals for this period are 1 for Red Wings vs 3 for Flyers.
Shots for this period are 11 for Red Wings vs 17 for Flyers.
2nd period
0:01 of 2nd period - Jeff Carter wins face-off versus Mike Richards in neutral zone.
1:12 of 2nd period - Jeff Carter is hit by Nate Thompson and loses puck.
1:17 of 2nd period - Slapshot by Ales Hemsky.
1:17 of 2nd period - Shot Misses the Net.
1:19 of 2nd period - Wrist shot by Nate Thompson.
1:19 of 2nd period - Stopped by Cory Schneider with a rebound.
1:21 of 2nd period - Wrist shot by Nate Thompson.
1:21 of 2nd period - Deflect By Ales Hemsky.
1:21 of 2nd period - Shot Blocked by Matt Smaby.
1:21 of 2nd period - Puck is out of play.
1:22 of 2nd period - Mike Richards wins face-off versus Kyle Wellwood in Flyers zone.
1:31 of 2nd period - Snap shot by Rick Nash.
1:31 of 2nd period - Stopped by Cory Schneider without a rebound.
1:32 of 2nd period - Kyle Wellwood wins face-off versus Mike Richards in Flyers zone.
2:37 of 2nd period - Slapshot by Adam Henrique.
2:37 of 2nd period - Shot Blocked by Nathan Paetsch.
2:39 of 2nd period - Snap shot by Rick Nash.
2:39 of 2nd period - Deflect By Adam Henrique.
2:39 of 2nd period - Shot Misses the Net.
2:39 of 2nd period - Puck is out of play.
2:40 of 2nd period - Jakub Voracek wins face-off versus Tyler Johnson in Flyers zone.
3:08 of 2nd period - Wrist shot by Matthew Lombardi.
3:08 of 2nd period - Shot Blocked by Chris Kelly.
3:10 of 2nd period - Snap shot by Matthew Lombardi.
3:10 of 2nd period - Stopped by Michal Neuvirth with a rebound.
3:30 of 2nd period - Slapshot by Chris Kelly.
3:30 of 2nd period - Shot Blocked by Stephane Robidas.
3:32 of 2nd period - Slapshot by Filip Kuba.
3:32 of 2nd period - Deflect By Oleg Saprykin.
3:32 of 2nd period - Shot Misses the Net.
3:32 of 2nd period - Puck is out of play.
3:33 of 2nd period - Nate Thompson wins face-off versus Jeff Carter in Flyers zone.
3:36 of 2nd period - Wrist shot by Oleg Saprykin.
3:36 of 2nd period - Stopped by Cory Schneider without a rebound.
3:37 of 2nd period - Jeff Carter wins face-off versus Tyler Johnson in Flyers zone.
4:10 of 2nd period - Wrist shot by Sean Bergenheim.
4:10 of 2nd period - Shot Blocked by Stephane Robidas.
4:12 of 2nd period - Snap shot by Sean Bergenheim.
4:12 of 2nd period - Stopped by Cory Schneider without a rebound.
4:13 of 2nd period - Mike Richards wins face-off versus Matthew Lombardi in Flyers zone.
4:45 of 2nd period - Wrist shot by Kyle Wellwood.
4:45 of 2nd period - Stopped by Michal Neuvirth without a rebound.
4:46 of 2nd period - Tyler Johnson wins face-off versus Jakub Voracek in Red Wings zone.
4:57 of 2nd period - Ole-Kristian Tollefsen is hit by Jeff Carter and loses puck.
5:22 of 2nd period - Slapshot by Adam Henrique.
5:22 of 2nd period - Stopped by Cory Schneider with a rebound.
5:42 of 2nd period - Nino Niederreiter is hit by Nathan Paetsch and loses puck.
5:57 of 2nd period - Snap shot by Ales Hemsky.
5:57 of 2nd period - Shot Blocked by Kyle Wellwood.
5:59 of 2nd period - Snap shot by Oleg Saprykin.
5:59 of 2nd period - Shot Misses the Net.
6:55 of 2nd period - Snap shot by Rick Nash.
6:55 of 2nd period - Stopped by Cory Schneider with a rebound.
8:07 of 2nd period - Slapshot by Kyle Wellwood.
8:07 of 2nd period - Deflect By Alexei Morozov.
8:07 of 2nd period - Shot Misses the Net.
8:07 of 2nd period - Puck is out of play.
8:08 of 2nd period - Kyle Wellwood wins face-off versus Mike Richards in Red Wings zone.
8:11 of 2nd period - Wrist shot by Chris Kreider.
8:11 of 2nd period - Shot Misses the Net.
8:17 of 2nd period - Snap shot by Alexei Morozov.
8:17 of 2nd period - Shot Misses the Net.
8:19 of 2nd period - Slapshot by Stephane Robidas.
8:19 of 2nd period - Shot Misses the Net.
8:21 of 2nd period - Snap shot by Kyle Wellwood.
8:21 of 2nd period - Shot Misses the Net.
8:31 of 2nd period - Stephane Robidas is hit by Brent Seabrook and loses puck.
9:01 of 2nd period - Wrist shot by Ales Hemsky.
9:01 of 2nd period - Shot Misses the Net.
9:03 of 2nd period - Wrist shot by Ales Hemsky.
9:03 of 2nd period - Stopped by Cory Schneider with a rebound.
9:15 of 2nd period - Jonathan Ericsson is hit by Filip Kuba and loses puck.
9:47 of 2nd period - Stephane Robidas is hit by Ole-Kristian Tollefsen and loses puck.
10:40 of 2nd period - Icing by Adam Henrique.
10:41 of 2nd period - Chris Kelly wins face-off versus Jeff Carter in Red Wings zone.
10:48 of 2nd period - Snap shot by Alex Picard.
10:48 of 2nd period - Shot Blocked by Dany Heatley.
10:54 of 2nd period - Slapshot by Chris Kelly.
10:54 of 2nd period - Stopped by Cory Schneider without a rebound.
10:55 of 2nd period - Kyle Wellwood wins face-off versus Rick Nash in Flyers zone.
11:17 of 2nd period - Minor Penalty to Kyle Wellwood for Kneeing.
11:18 of 2nd period - Jeff Carter wins face-off versus Rick Nash in Flyers zone.
11:29 of 2nd period - Snap shot by Rick Nash.
11:29 of 2nd period - Shot Misses the Net.
11:31 of 2nd period - Snap shot by Mike Richards.
11:31 of 2nd period - Shot Misses the Net.
11:33 of 2nd period - Wrist shot by Sean Bergenheim.
11:33 of 2nd period - Shot Blocked by Dany Heatley.
11:35 of 2nd period - Wrist shot by Ole-Kristian Tollefsen.
11:35 of 2nd period - Shot Misses the Net.
11:54 of 2nd period - Slapshot by Brent Seabrook.
11:54 of 2nd period - Shot Blocked by Jeff Woywitka.
12:37 of 2nd period - Matthew Lombardi is hit by Rick Nash and loses puck.
13:17 of 2nd period - Penalty to Kyle Wellwood is over, Kyle Wellwood is back on ice.
13:32 of 2nd period - Filip Kuba is hit by Rostislav Olesz and loses puck.
13:55 of 2nd period - Snap shot by Ales Hemsky.
13:55 of 2nd period - Stopped by Cory Schneider with a rebound.
13:57 of 2nd period - Snap shot by Oleg Saprykin.
13:57 of 2nd period - Shot Misses the Net.
14:09 of 2nd period - Backhand shot by Chris Kreider.
14:09 of 2nd period - Stopped by Michal Neuvirth without a rebound.
14:10 of 2nd period - Chris Kelly wins face-off versus Kyle Wellwood in Red Wings zone.
14:10 of 2nd period - Chris Kelly is hit by Kyle Wellwood.
14:28 of 2nd period - Jeff Carter is hit by Ole-Kristian Tollefsen.
14:34 of 2nd period - Slapshot by Brent Seabrook.
14:34 of 2nd period - Stopped by Cory Schneider without a rebound.
14:35 of 2nd period - Jeff Carter wins face-off versus Nate Thompson in Flyers zone.
15:04 of 2nd period - Mike Richards is hit by Wayne Simmonds and loses puck.
15:19 of 2nd period - Snap shot by Chris Kreider.
15:19 of 2nd period - Stopped by Michal Neuvirth without a rebound.
15:20 of 2nd period - Tyler Johnson wins face-off versus Kyle Wellwood in Red Wings zone.
15:33 of 2nd period - Snap shot by Chris Kreider.
15:33 of 2nd period - Stopped by Michal Neuvirth without a rebound.
15:34 of 2nd period - Mike Richards wins face-off versus Jeff Carter in Red Wings zone.
15:34 of 2nd period - Mike Richards is hit by Jakub Voracek.
15:42 of 2nd period - Wrist shot by Rick Nash.
15:42 of 2nd period - Shot Blocked by Jeff Woywitka.
15:44 of 2nd period - Wrist shot by Adam Henrique.
15:44 of 2nd period - Stopped by Cory Schneider with a rebound.
15:46 of 2nd period - Slapshot by Mike Richards.
15:46 of 2nd period - Shot Hit the Post.
15:56 of 2nd period - Minor Penalty to Dany Heatley for High sticking.
15:57 of 2nd period - Rick Nash wins face-off versus Jeff Carter in Flyers zone.
16:02 of 2nd period - Snap shot by Rick Nash.
16:02 of 2nd period - Stopped by Cory Schneider without a rebound.
16:03 of 2nd period - Matthew Lombardi wins face-off versus Rick Nash in Flyers zone.
16:12 of 2nd period - Brent Seabrook is hit by Jeff Woywitka and loses puck.
16:37 of 2nd period - Jonathan Ericsson is hit by Tyler Johnson and loses puck.
17:56 of 2nd period - Penalty to Dany Heatley is over, Dany Heatley is back on ice.
19:33 of 2nd period - Stephane Robidas is hit by Filip Kuba.
19:37 of 2nd period - Snap shot by Phil Kessel.
19:37 of 2nd period - Deflect By Wayne Simmonds.
19:37 of 2nd period - Stopped by Cory Schneider without a rebound.
19:38 of 2nd period - Phil Kessel wins face-off versus Kyle Wellwood in Flyers zone.
19:47 of 2nd period - Wrist shot by Phil Kessel.
19:47 of 2nd period - Stopped by Cory Schneider with a rebound.
19:49 of 2nd period - Slapshot by Karl Alzner.
19:49 of 2nd period - Deflect By Phil Kessel.
19:49 of 2nd period - Shot Misses the Net.
19:49 of 2nd period - Puck is out of play.
19:50 of 2nd period - Mike Richards wins face-off versus Matthew Lombardi in Flyers zone.
Goals for this period are 0 for Red Wings vs 0 for Flyers.
Shots for this period are 14 for Red Wings vs 5 for Flyers.
3rd period
0:01 of 3rd period - Jeff Carter wins face-off versus Mike Richards in neutral zone.
0:10 of 3rd period - Snap shot by Jeff Carter.
0:10 of 3rd period - Goal by Jeff Carter - Red Wings : 1 - Flyers : 4.
0:11 of 3rd period - Jeff Carter wins face-off versus Mike Richards in neutral zone.
0:14 of 3rd period - Slapshot by Jeff Woywitka.
0:14 of 3rd period - Stopped by Michal Neuvirth without a rebound.
0:15 of 3rd period - Mike Richards wins face-off versus Jeff Carter in Red Wings zone.
0:15 of 3rd period - Mike Richards is hit by Jeff Carter.
1:26 of 3rd period - Alex Picard is hit by Jeff Carter and loses puck.
1:51 of 3rd period - Slapshot by Kyle Wellwood.
1:51 of 3rd period - Shot Misses the Net.
2:50 of 3rd period - Backhand shot by Chris Kelly.
2:50 of 3rd period - Deflect By Alex Picard.
2:50 of 3rd period - Shot Misses the Net.
2:50 of 3rd period - Puck is out of play.
2:51 of 3rd period - Mike Richards wins face-off versus Matthew Lombardi in Flyers zone.
2:56 of 3rd period - Snap shot by Rick Nash.
2:56 of 3rd period - Stopped by Cory Schneider without a rebound.
2:57 of 3rd period - Mike Richards wins face-off versus Matthew Lombardi in Flyers zone.
3:33 of 3rd period - Slapshot by Jeff Carter.
3:33 of 3rd period - Shot Misses the Net.
4:22 of 3rd period - Slapshot by Rostislav Olesz.
4:22 of 3rd period - Stopped by Michal Neuvirth without a rebound.
4:23 of 3rd period - Matthew Lombardi wins face-off versus Tyler Johnson in Red Wings zone.
4:30 of 3rd period - Rostislav Olesz is hit by Filip Kuba and loses puck.
4:37 of 3rd period - Slapshot by Sean Bergenheim.
4:37 of 3rd period - Stopped by Cory Schneider without a rebound.
4:38 of 3rd period - Mike Richards wins face-off versus Jeff Carter in Flyers zone.
4:47 of 3rd period - Snap shot by Mike Richards.
4:47 of 3rd period - Shot Misses the Net.
4:49 of 3rd period - Snap shot by Mike Richards.
4:49 of 3rd period - Shot Blocked by Jonathan Ericsson.
4:51 of 3rd period - Wrist shot by Mike Richards.
4:51 of 3rd period - Stopped by Cory Schneider with a rebound.
5:05 of 3rd period - Ole-Kristian Tollefsen is hit by Kyle Wellwood and loses puck.
5:10 of 3rd period - Backhand shot by Chris Kreider.
5:10 of 3rd period - Stopped by Michal Neuvirth with a rebound.
5:12 of 3rd period - Snap shot by Matt Smaby.
5:12 of 3rd period - Stopped by Michal Neuvirth with a rebound.
5:14 of 3rd period - Backhand shot by Matt Smaby.
5:14 of 3rd period - Stopped by Michal Neuvirth without a rebound.
5:15 of 3rd period - Jeff Carter wins face-off versus Mike Richards in Red Wings zone.
5:42 of 3rd period - Kyle Wellwood is hit by Tyler Johnson and loses puck.
6:31 of 3rd period - Philip Samuelsson is hit by Alex Killorn and loses puck.
6:39 of 3rd period - Minor Penalty to Jeff Carter for Hooking.
6:40 of 3rd period - Matthew Lombardi wins face-off versus Rick Nash in Flyers zone.
6:45 of 3rd period - Icing by Philip Samuelsson.
6:46 of 3rd period - Matthew Lombardi wins face-off versus Rick Nash in Red Wings zone.
7:14 of 3rd period - Icing by Karl Alzner.
7:15 of 3rd period - Kyle Wellwood wins face-off versus Rick Nash in Red Wings zone.
7:36 of 3rd period - Dany Heatley is hit by Sean Bergenheim and loses puck.
7:41 of 3rd period - Wrist shot by Sean Bergenheim.
7:41 of 3rd period - Shot Misses the Net.
7:43 of 3rd period - Snap shot by Rick Nash.
7:43 of 3rd period - Shot Misses the Net.
7:45 of 3rd period - Slapshot by Karl Alzner.
7:45 of 3rd period - Stopped by Cory Schneider without a rebound.
7:46 of 3rd period - Tyler Johnson wins face-off versus Matthew Lombardi in Flyers zone.
7:57 of 3rd period - Chris Kreider is hit by Ole-Kristian Tollefsen and loses puck.
8:39 of 3rd period - Penalty to Jeff Carter is over, Jeff Carter is back on ice.
9:27 of 3rd period - Cam Fowler is hit by Philip Samuelsson and loses puck.
9:39 of 3rd period - Icing by Jakub Voracek.
9:40 of 3rd period - Jeff Carter wins face-off versus Chris Kelly in Flyers zone.
10:13 of 3rd period - Snap shot by Matthew Lombardi.
10:13 of 3rd period - Stopped by Michal Neuvirth with a rebound.
10:15 of 3rd period - Wrist shot by Wayne Simmonds.
10:15 of 3rd period - Shot Blocked by Ole-Kristian Tollefsen.
10:17 of 3rd period - Slapshot by Cam Fowler.
10:17 of 3rd period - Shot Misses the Net.
10:55 of 3rd period - Minor Penalty to Philip Samuelsson for Roughing.
10:56 of 3rd period - Jeff Carter wins face-off versus Tyler Johnson in Red Wings zone.
11:02 of 3rd period - Wrist shot by Jakub Voracek.
11:02 of 3rd period - Goal by Jakub Voracek - Red Wings : 1 - Flyers : 5.
11:03 of 3rd period - Mike Richards wins face-off versus Jeff Carter in neutral zone.
11:03 of 3rd period - Mike Richards is hit by Jonathan Ericsson.
11:19 of 3rd period - Slapshot by Adam Henrique.
11:19 of 3rd period - Stopped by Cory Schneider without a rebound.
11:20 of 3rd period - Kyle Wellwood wins face-off versus Phil Kessel in Flyers zone.
11:20 of 3rd period - Kyle Wellwood is hit by Phil Kessel.
11:51 of 3rd period - Stephane Robidas is hit by Mike Richards and loses puck.
12:05 of 3rd period - Off-side.
12:06 of 3rd period - Matthew Lombardi wins face-off versus Alex Picard in neutral zone.
12:11 of 3rd period - Wrist shot by Rostislav Olesz.
12:11 of 3rd period - Shot Misses the Net.
12:13 of 3rd period - Snap shot by Rostislav Olesz.
12:13 of 3rd period - Shot Blocked by Ole-Kristian Tollefsen.
12:15 of 3rd period - Slapshot by Matthew Lombardi.
12:15 of 3rd period - Stopped by Michal Neuvirth without a rebound.
12:16 of 3rd period - Jeff Carter wins face-off versus Mike Richards in Red Wings zone.
12:22 of 3rd period - Off-side.
12:23 of 3rd period - Mike Richards wins face-off versus Jeff Carter in neutral zone.
12:50 of 3rd period - Jakub Voracek is hit by Ole-Kristian Tollefsen and loses puck.
12:57 of 3rd period - Ole-Kristian Tollefsen is hit by Dany Heatley and loses puck.
13:02 of 3rd period - Snap shot by Jakub Voracek.
13:02 of 3rd period - Stopped by Michal Neuvirth without a rebound.
13:03 of 3rd period - Kyle Wellwood wins face-off versus Tyler Johnson in Red Wings zone.
13:14 of 3rd period - Slapshot by Alexei Morozov.
13:14 of 3rd period - Shot Blocked by Sean Bergenheim.
13:16 of 3rd period - Snap shot by Kyle Wellwood.
13:16 of 3rd period - Goal by Kyle Wellwood - Red Wings : 1 - Flyers : 6.
13:17 of 3rd period - Jeff Carter wins face-off versus Mike Richards in neutral zone.
15:16 of 3rd period - Wrist shot by Adam Henrique.
15:16 of 3rd period - Shot Misses the Net.
15:18 of 3rd period - Slapshot by Brent Seabrook.
15:18 of 3rd period - Stopped by Cory Schneider without a rebound.
15:19 of 3rd period - Jeff Carter wins face-off versus Tyler Johnson in Flyers zone.
15:34 of 3rd period - Wrist shot by Jeff Carter.
15:34 of 3rd period - Deflect By Jakub Voracek.
15:34 of 3rd period - Stopped by Michal Neuvirth without a rebound.
15:35 of 3rd period - Chris Kelly wins face-off versus Kyle Wellwood in Red Wings zone.
15:35 of 3rd period - Chris Kelly is hit by Alexei Morozov.
15:50 of 3rd period - Icing by Kyle Wellwood.
15:51 of 3rd period - Kyle Wellwood wins face-off versus Mike Richards in Flyers zone.
16:10 of 3rd period - Snap shot by Kyle Wellwood.
16:10 of 3rd period - Shot Misses the Net.
16:32 of 3rd period - Snap shot by Chris Kreider.
16:32 of 3rd period - Shot Misses the Net.
16:34 of 3rd period - Snap shot by Chris Kreider.
16:34 of 3rd period - Shot Misses the Net.
16:36 of 3rd period - Slapshot by Matt Smaby.
16:36 of 3rd period - Shot Misses the Net.
16:38 of 3rd period - Wrist shot by Chris Kreider.
16:38 of 3rd period - Shot Misses the Net.
16:40 of 3rd period - Snap shot by Alexei Morozov.
16:40 of 3rd period - Stopped by Michal Neuvirth with a rebound.
16:42 of 3rd period - Wrist shot by Kyle Wellwood.
16:42 of 3rd period - Shot Blocked by Philip Samuelsson.
16:44 of 3rd period - Slapshot by Alexei Morozov.
16:44 of 3rd period - Shot Misses the Net.
17:27 of 3rd period - Slapshot by Philip Samuelsson.
17:27 of 3rd period - Deflect By Tyler Johnson.
17:27 of 3rd period - Shot Blocked by Stephane Robidas.
17:27 of 3rd period - Puck is out of play.
17:28 of 3rd period - Mike Richards wins face-off versus Jeff Carter in Flyers zone.
17:31 of 3rd period - Snap shot by Mike Richards.
17:31 of 3rd period - Shot Misses the Net.
17:33 of 3rd period - Wrist shot by Rick Nash.
17:33 of 3rd period - Shot Misses the Net.
18:46 of 3rd period - Matthew Lombardi is hit by Ole-Kristian Tollefsen and loses puck.
19:12 of 3rd period - Rostislav Olesz is hit by Adam Henrique and loses puck.
19:23 of 3rd period - Wrist shot by Nate Thompson.
19:23 of 3rd period - Shot Misses the Net.
19:47 of 3rd period - Minor Penalty to Nathan Paetsch for Slashing.
19:48 of 3rd period - Rick Nash wins face-off versus Jeff Carter in Flyers zone.
19:55 of 3rd period - Wrist shot by Rick Nash.
19:55 of 3rd period - Shot Misses the Net.
19:57 of 3rd period - Snap shot by Rick Nash.
19:57 of 3rd period - Goal by Rick Nash - Red Wings : 2 - Flyers : 6.
19:58 of 3rd period - Jeff Carter wins face-off versus Mike Richards in neutral zone.
Goals for this period are 1 for Red Wings vs 3 for Flyers.
Shots for this period are 7 for Red Wings vs 13 for Flyers.
Back to the Top